 Dungeon Crawl Stone Soup version 0.31-a0-960-g0fca184906 (webtiles) character file.

Game seed: 6256565971390470047

91 Azuregosa the Covert (level 4, -1/31 HPs)
             Began as an Octopode Delver on Oct 23, 2023.
             Slain by an orc wizard
             ... wielding a +1 dagger of venom
              (3 damage)
             ... on level 5 of the Dungeon.
             The game lasted 00:02:34 (454 turns).

Azuregosa the Covert (Octopode Delver)               Turns: 454, Time: 00:02:35

Health: -1/31      AC:  1    Str: 11    XL:     4   Next: 57%
Magic:  4/4        EV: 13    Int: 12    God:
Gold:   25         SH:  0    Dex: 15    Spells: 3/3 levels left

rFire   . . .        a - +0 hand axe
rCold   . . .        (no shield)
rNeg    . . .        (helmet restricted)
rPois   .            (no amulet)
rElec   .            (no ring)
rCorr   .            (no ring)
SInv    .            (no ring)
Will    .....        (no ring)
Stlth   +++          (no ring)
HPRegen 0.25/turn    (no ring)
MPRegen 0.09/turn    (no ring)
                     (no ring)

%: no passive effects
@: confused
A: almost no armour, amphibious, 8 rings, camouflage 1, gelatinous body 1,
(nimble swimmer 1), tentacles
a: no special abilities


You were on level 5 of the Dungeon.
You visited 1 branch of the dungeon, and saw 2 of its levels.

You collected 25 gold pieces.

Inventory:

Hand Weapons
 a - a +0 hand axe (weapon)
 g - the +0 hand axe of the Hawk {heavy, Will+}
   (You found it on level 5 of the Dungeon)

   Will+:     It increases your willpower.
Wands
 f - a wand of digging (3)
Scrolls
 b - a scroll of fog
 c - a scroll of identify {unknown}
 d - a scroll of fear
Potions
 e - a potion of haste


   Skills:
 + Level 3.0 Fighting
 - Level 2.0 Axes
 - Level 2.0 Dodging
 - Level 9.0 Stealth


You had 3 spell levels left.
You didn't know any spells.
Your spell library was empty.

Dungeon Overview and Level Annotations

Branches:
Dungeon (6/15)
 Temple: D:4-7

Altars:
Uskayaw


Innate Abilities, Weirdness & Mutations

You cannot wear most types of armour.
You are amphibious.
You can wear up to eight rings at the same time.
Your skin changes colour to match your surroundings (Stealth+).
Your rubbery body absorbs attacks. (AC +1, EV +1)
((You are camouflaged when in or above water. (Stealth+)))
You have tentacles for arms and can constrict up to eight enemies at once.


Message History

You closely miss the quokka. Your grab misses the quokka.
You squeeze the quokka.
You kill the quokka!
You start resting.
HP restored.
The orc shouts!
You hear a bark!
You hear an angry hiss.
You hear a shout!
A hound comes into view.
An orc priest comes into view. It is wielding a +0 dagger.
An orc wizard comes into view. It is wielding a +1 dagger of venom.
An adder comes into view.
An orc comes into view. It is wielding a +0 hand axe.
The orc hits you with a +0 hand axe.
Found a silvery potion and a scroll labelled ZORAOH TALL.
You see here the +0 hand axe of the Hawk {heavy, Will+}.
g - the +0 hand axe of the Hawk {heavy, Will+} The hound bites you.
The orc hits you with a +0 hand axe.
The orc wizard points at you and mumbles some strange words.
You are confused.
The orc priest shouts!
The adder hisses angrily.
You are too confused!
You barely miss the hound.
The orc shouts!
You squeeze the hound, but do no damage.
You barely miss the orc. The hound barely misses you. The hound bites you.
The orc misses you.
You bump into the rock wall.
The hound misses you. The hound barely misses you. The orc misses you.
The orc wizard barely misses you.
You barely miss the orc. You miss the orc wizard. You closely miss the hound.
The hound barely misses you.
The orc wizard casts a spell.
The orc wizard flickers and vanishes!
Deactivating autopickup; reactivate with Ctrl-A.
The orc hits you with a +0 hand axe. The hound bites you.
* * * LOW HITPOINT WARNING * * *
You barely miss the orc. Your squeeze misses the orc.
You completely miss something. You closely miss the hound.
The hound closely misses you. The orc hits you with a +0 hand axe!
* * * LOW HITPOINT WARNING * * *
Something hits you.
You die...

*,***,,,~,~,,,~,~,,,,,,,,* *,*
#.#,~,,§.,..≈.,,,***,*
#.###..,~,~≈≈~§.≈.,,,* *,**
#.##..#,,,,§§....,,*** *,,,
******#.##..#****.#..##,,***
*,** ,,,,,,...)..#
*.o...,,,,,* *,* ******#.##..#
*So.,.#?,,,***,*
#.##..#####{#.....*,,,,,,*
####.##.....o@h..#,*,,,,******
#.....).###.##.###,**,,,,**,,,
#.##.####...#*...,,**,,*,,,,,,
#.##.#**#...#*####****,,>**,**
#.####*~#.###*******,,,,***,,,
#...#*,,#.,,,,,,,,,,,,,,* *,**
####.#*,,#.,*********,****
*,*, #....#*,~#,>* *,* *,*~
#...##**~*,,*********,* *,**


You could see a hound, an orc priest, an adder and 2 orcs.

Vanquished Creatures
  A howler monkey (D:5)
  An iguana (D:6)
  2 adders
  A shadow imp (D:6)
  An orc (D:5)
  A quokka (D:5)
7 creatures vanquished.

Notes
Turn   | Place    | Note
-------+----------+-------------------------------------------
     0 | D:5      | Azuregosa the Octopode Delver began the quest for the Orb.
     0 | D:5      | Reached XP level 1. HP: 16/16 MP: 1/1
     7 | D:5      | Found a hide-covered altar of Uskayaw.
    13 | D:5      | Noticed a howler monkey
    19 | D:5      | Reached skill level 7 in Stealth
    19 | D:5      | Reached XP level 2. HP: 4/21 MP: 2/2
   162 | D:6      | Reached XP level 3. HP: 16/26 MP: 3/3
   169 | D:6      | Reached skill level 8 in Stealth
   303 | D:6      | Noticed a kobold brigand
   303 | D:6      | Noticed a kobold brigand
   318 | D:5      | Reached skill level 9 in Stealth
   318 | D:5      | Reached XP level 4. HP: 23/31 MP: 4/4
   449 | D:5      | Identified the +0 hand axe of the Hawk {heavy, Will+}
   454 | D:5      | Slain by an orc wizard

Illustrated notes

Levels and vault maps discovered:
D:5:      layout_loops_ring, mainiacjoe_overflow_paths,
          mainiacjoe_overflow_cross_hatched, serial_aquarium,
          aquarium_bridge_square [aquarium_subvault_window,
          aquarium_subvault_bridge, aquarium_subvault_bridge,
          aquarium_subvault_bridge], aquarium_window_2, aquarium_window_corner,
          aquarium_window_1, aquarium_view_2g, aquarium_balcony_3b,
          minmay_misc_feat_four_crosses
D:6:      cheibrodos_fertilizer, layout_loops_cross,
          mainiacjoe_overflow_24_doors, old_standard_altar,
          minmay_temple_entry_large_hall, serial_bayou_pond_b,
          nicolae_shop_self_help

Skill      XL: |  1  2  3 |
---------------+----------+-----
Stealth        | 7 9 |  9.0
Fighting       | |  3.0
Axes           | |  2.0
Dodging        | |  2.0

Action                     |  1- 3 |  4- 6 || total
---------------------------+-------+-------++-------
  Melee: Hand axe          |    21 |     7 ||    28
         Constrict         |     5 |     1 ||     6
         Tentacles         |     5 |     3 ||     8
    Use: Scroll            |     1 |       ||     1
 Armour: Skin              |    11 |     9 ||    20
  Dodge: Dodged            |    17 |     9 ||    26

Table legend: (Time is in decaauts)
 A = Elapsed time spent in this place.
 B = Non-inter-level travel time spent in this place.
 C = Inter-level travel time spent in this place.
 D = Time resting spent in this place.
 E = Time spent auto-exploring this place.
 F = Levels seen in this place.
 G = Mean time per level.
                   A        B        C        D        E       F      G
               +--------+--------+--------+--------+--------+-----+--------+
         Total |    460 |    460 |      0 |    265 |      0 |   2 |  230.0 |
       Dungeon |    460 |    460 |      0 |    265 |      0 |   2 |  230.0 |
               +--------+--------+--------+--------+--------+-----+--------+

Top non-repeatable levels by time:
     D:6: 286 daAuts
     D:5: 174 daAuts
